 Dungeon Crawl Stone Soup version 0.29.0-11-gd7f09526c8 (webtiles) character file.

Game seed: 13314321191297827593

133 tellme the Trooper (level 4, 0/35 HPs)
             Began as a Demonspawn Fighter on Sept 3, 2022.
             Was a Follower of Fedhas.
             Succumbed to a gnoll's poison
             ... on level 4 of the Dungeon.
             The game lasted 00:07:55 (3356 turns).

tellme the Trooper (Demonspawn Fighter)             Turns: 3356, Time: 00:07:55

Health: 0/35       AC:  6    Str: 18    XL:     4   Next: 93%
Magic:  4/4        EV:  9    Int:  9    God:    Fedhas [*.....]
Gold:   140        SH:  4    Dex: 13    Spells: 3/3 levels left

rFire   . . .      SeeInvis .   a - +0 rapier
rCold   . . .      Faith    .   c - +0 buckler
rNeg    . . .      Spirit   .   b - +0 scale mail
rPois   .          Reflect  .   (helmet restricted)
rElec   .          Harm     .   (no cloak)
rCorr   .          Rampage  .   (no gloves)
Will    .....                   (no boots)
Stlth   ..........              (no amulet)
HPRegen 0.11/turn               o - ring of wizardry
MPRegen 0.09/turn               (no ring)

@: lethally poisoned (0 -> -8)
A: horns 1, demonic magic 1
a: Renounce Religion


You were on level 4 of the Dungeon.
You worshipped Fedhas.
Fedhas was aware of your devotion.
You visited 1 branch of the dungeon, and saw 4 of its levels.

You collected 140 gold pieces.

Inventory:

Hand Weapons
 a - a +0 rapier (weapon)
Missiles
 p - a boomerang (quivered)
Armour
 b - a +0 scale mail (worn)
 c - a +0 buckler (worn)
Jewellery
 o - a ring of wizardry (left hand)
 r - a ring of ice
Scrolls
 h - 3 scrolls of identify {unknown}
 i - a scroll of poison {unknown}
 k - 2 scrolls of enchant weapon {unknown}
 l - a scroll of vulnerability {unknown}
 m - 2 scrolls of teleportation {unknown}
 n - a scroll of amnesia {unknown}
 q - a scroll of silence {unknown}
 t - a scroll of blinking {unknown}
 u - a scroll of noise {unknown}
Potions
 d - a potion of might
 e - a potion of degeneration {unknown}
 f - 2 potions of attraction
 g - a potion of lignification
 j - a potion of flight {unknown}
 s - a potion of heal wounds


   Skills:
 + Level 3.4 Fighting
 + Level 3.1 Short Blades
 + Level 3.3 Armour
 + Level 0.8 Dodging
 + Level 0.4 Stealth
 + Level 3.1 Shields
 * Level 0.5 Hexes


You had 3 spell levels left.
You didn't know any spells.
Your spell library contained the following spells:

 Spells                   Type           Power      Damage    Failure   Level
 Magic Dart               Conj           0%         1d3       52%         1
 Blink                    Tloc           0%         N/A       65%         2
 Call Imp                 Summ           0%         N/A       65%         2
 Poisonous Vapours        Pois/Air       0%         N/A       65%         2
 Inner Flame              Hex/Fire       0%         N/A       85%         3
 Mephitic Cloud           Conj/Pois/Air  0%         N/A       86%         3
 Cause Fear               Hex            0%         N/A       99%         4
 Corpse Rot               Necr/Pois/Air  0%         N/A       99%         4
 Manifold Assault         Tloc           0%         N/A       100%        5
 Storm Form               Tmut/Air       0%         N/A       100%        7
 Discord                  Hex            0%         N/A       100%        8


Dungeon Overview and Level Annotations

Branches:
Dungeon (4/15)
 Temple: D:4-7

Altars:
Fedhas


Innate Abilities, Weirdness & Mutations

You have a pair of small horns on your head.
Spells you cast may paralyse adjacent enemies.


Message History

You feel sick.
You feel sick.
You feel sick.
You feel much better.
You feel sick.
You feel sick.
You are no longer poisoned.
The gnoll bouda barks out a call to the hunt!
You are too injured to fight recklessly!
You are too injured to fight recklessly!
Unknown command.
Okay, then.
o - a ring of wizardry (left hand)
Okay, then.
The gnoll bouda gazes fiercely through you!
You feel your attacks grow feeble.
A hobgoblin comes into view.
The hobgoblin shouts!
The gnoll bouda barks out a call to the hunt!
The hobgoblin hits you but does no damage.
You hit the hobgoblin but do no damage. The gnoll hits you but does no damage.
You are poisoned.
The hobgoblin hits you but does no damage.
You hit the hobgoblin but do no damage. Your headbutt misses the hobgoblin.
Your attacks no longer feel as feeble.
You feel sick. The gnoll hits you but does no damage. The hobgoblin hits you.
You hit the hobgoblin.
You kill the hobgoblin!
Fedhas appreciates your contribution to the ecosystem.
You feel sick.
The gnoll hits you from afar with a +0 spear of venom. x2
* * * LOW HITPOINT WARNING * * *
You are lethally poisoned!
* * * LOW HITPOINT WARNING * * *
You feel very sick.
You see here a hobgoblin corpse.
* * * LOW HITPOINT WARNING * * *
You feel very sick.
The gnoll is no longer moving quickly.
You die...
Fedhas appreciates your contribution to the ecosystem.

.# ..########## .#
..gggg.....## .#
.######.....####
.##
.##.g...........
..# .##.###)....###
.. ....# ##...## .#
.########.#######.#
.........gg.gg†.@.#
.........g#########
########..# #....#
#.#.## #### #..#.#
)..###.###.#
......## #..
....##.# ###


You could see a gnoll bouda and 4 gnolls.

Vanquished Creatures
  Robin (D:3)
  4 adders
  A worm (D:3)
  A dart slug (D:3)
  4 orcs (D:3)
  3 bats
  7 endoplasms
  A giant cockroach (D:2)
  15 goblins
  11 hobgoblins
  4 kobolds
  2 quokkas (D:3)
  6 ball pythons
  4 frilled lizards
  4 rats
68 creatures vanquished.

Vanquished Creatures (others)
  3 plants (D:2)
3 creatures vanquished.

Grand Total: 71 creatures vanquished

Notes
Turn   | Place    | Note
-------+----------+-------------------------------------------
     0 | D:1      | tellme the Demonspawn Fighter began the quest for the Orb.
     0 | D:1      | Reached XP level 1. HP: 18/18 MP: 1/1
   197 | D:1      | Gained mutation: Spells you cast may paralyse adjacent
                  | enemies. [demonic ancestry]
   197 | D:1      | Reached XP level 2. HP: 17/24 MP: 2/2
  1053 | D:2      | Gained mutation: You have a pair of small horns on your
                  | head. [demonic ancestry]
  1053 | D:2      | Reached XP level 3. HP: 29/29 MP: 3/3
  2101 | D:3      | Noticed Robin
  2136 | D:3      | Killed Robin
  2137 | D:3      | Reached XP level 4. HP: 31/35 MP: 4/4
  2931 | D:3      | Found a faded altar of an unknown god.
  2944 | D:3      | Prayed at the altar of an unknown god.
  2944 | D:3      | Became a worshipper of Fedhas Madash
  2944 | D:3      | Reached * piety under Fedhas
  3356 | D:4      | Succumbed to a gnoll's poison

Illustrated notes

Levels and vault maps discovered:
D:1:      lightli_iron_boxes, layout_basic
D:2:      layout_basic, serial_forest, infiniplex_forest_clump_long,
          infiniplex_forest_clump_double, infiniplex_forest_lined_room_2,
          infiniplex_forest_lined_corner, infiniplex_forest_lined_room_2,
          infiniplex_forest_straight_4, infiniplex_forest_clump_diagonal,
          nicolae_eternal_life, minivault_26, ebering_dispersal_statue_hall,
          minmay_hedge_maze, st_stairs_8
D:3:      layout_basic, shapermc_ecumenical_altar_mp_ritualfount,
          minmay_distorted, uniq_robin
D:4:      layout_loops_ring, uniq_edmund, uniq_natasha, uniq_duvessa

Skill      XL: |  1  2  3  4 |
---------------+-------------+-----
Armour         | 3 |  3.3
Short Blades   | 2 3 |  3.1
Shields        | 3 |  3.1
Fighting       | |  3.4
Dodging        | |  0.8
Stealth        | |  0.4
Hexes          | |  0.5

Action                   |  1- 3 |  4- 6 || total
-------------------------+-------+-------++-------
Melee: Rapier            |   138 |    99 ||   237
       Headbutt          |    14 |    12 ||    26
  Use: Potion            |     3 |     1 ||     4
Armor: Scale mail        |    42 |    35 ||    77
       Skin              |    36 |    14 ||    50
Dodge: Dodged            |    45 |    29 ||    74
Block: Buckler           |    33 |    17 ||    50
